 Dungeon Crawl Stone Soup version 0.24.0-13-gcf9b3192b9 (webtiles) character file.

Game seed: 7592410283826091703, levelgen mode: deterministic

2282741 mopl the Executioner (level 25, 231/231 HPs)
             Began as a Minotaur Berserker on Nov 6, 2019.
             Was the Champion of Trog.
             Escaped with the Orb
             ... and 3 runes!
             The game lasted 02:05:54 (38293 turns).

mopl the Executioner (Minotaur Berserker)          Turns: 38293, Time: 02:05:54

Health: 231/231    AC: 38    Str: 30 (31) XL:     25   Next: 13%
Magic:  31/31      EV: 20    Int:  6      God:    Trog [******]
Gold:   2846       SH:  0    Dex: 19      Spells: 24/24 levels left

rFire    + . .     SeeInvis +   a - +9 executioner's axe (freeze)
rCold    + . .     Gourm    .   (shield currently unavailable)
rNeg     + . .     Faith    .   S - +7 gold dragon scales
rPois    +         Spirit   .   P - +1 hat {SInv}
rElec    .         Reflect  .   Z - +0 cloak {+Inv}
rCorr    .         Harm     .   T - +0 pair of gloves {archery}
MR       ++...     Clarity  +   F - +2 pair of boots
Stlth    ..........             D - amulet of regeneration
HPRegen  0.88/turn              H - ring of Wu Jian's Displeasure {MR+ Dex+4}
MPRegen  0.22/turn              f - ring of positive energy

@: no status effects
A: retaliatory headbutt, hooves 1, horns 2, clarity, clever 1, deterioration 1,
strong 1, wild magic 1
0: Orb of Zot
}: 3/15 runes: decaying, slimy, gossamer
a: Berserk, Trog's Hand, Brothers in Arms, Renounce Religion, Evoke Invisibility


You escaped.
You worshipped Trog.
Trog was exalted by your worship.
You were full.

You visited 10 branches of the dungeon, and saw 50 of its levels.

You collected 5819 gold pieces.
You spent 2973 gold pieces at shops.

Inventory:

Hand Weapons
 a - a +9 executioner's axe of freezing (weapon)
 b - a +7 antimagic battleaxe
Missiles
 h - 18 silver javelins
 u - 49 atropa-tipped darts
 x - 43 javelins
 A - 11 boomerangs of dispersal
 C - 39 boomerangs (quivered)
 M - a throwing net
Armour
 l - the +3 hat of Pondering {ponderous, MR+ MP+10 Int+5}
   (You took it off Gastronok on level 11 of the Dungeon)

   It affects your intelligence (+5).
   It affects your resistance to hostile enchantments.
   It affects your magic capacity (+10).
 F - a +2 pair of boots (worn)
 P - a +1 hat of see invisible (worn)
 R - the +10 crystal plate armour of Loenwo {rElec Regen+ Stlth-}
   (You acquired it on level 5 of the Pits of Slime)

   It insulates you from electricity.
   It increases your rate of regeneration.
   It makes you less stealthy.
 S - +7 gold dragon scales (worn)
 T - a +0 pair of gloves of archery (worn)
 Z - a +0 cloak of invisibility (worn)
Jewellery
 e - an uncursed ring of resist corrosion
 f - a ring of positive energy (right hand)
 D - an amulet of regeneration (around neck)
 H - the ring of Wu Jian's Displeasure (left hand) {MR+ Dex+4}
   (You found it on level 8 of the Dungeon)

   [ring of dexterity]

   It affects your dexterity (+4).
   It affects your resistance to hostile enchantments.
Wands
 d - a wand of digging (4)
 q - a wand of acid (53)
 s - a wand of iceblast (19)
 y - a wand of scattershot (11)
 N - a wand of clouds (7)
Scrolls
 j - a scroll of silence
 k - 18 scrolls of remove curse
 o - 2 scrolls of magic mapping
 t - 2 scrolls of fog
 v - 6 scrolls of vulnerability
 w - 19 scrolls of teleportation
 B - 2 scrolls of blinking
 J - 6 scrolls of fear
 L - 4 scrolls of summoning
 V - 5 scrolls of brand weapon
 Y - 10 scrolls of identify
Potions
 g - 15 potions of curing
 i - 5 potions of ambrosia
 m - 3 potions of haste
 n - 2 potions of mutation
 p - 2 potions of agility
 r - 4 potions of invisibility
 z - 4 potions of heal wounds
 E - a potion of resistance
 G - 5 potions of might
 I - 7 potions of flight
 Q - 4 potions of cancellation
Miscellaneous
 O - a fan of gales
 U - a lamp of fire
 W - a lightning rod (4/4)
Comestibles
 c - 55 rations


   Skills:
 + Level 20.1 Fighting
 - Level 26.0 Axes
 * Level 18.7 Throwing
 + Level 19.9 Armour
 - Level 20.0 Dodging
 - Level 13.8 Stealth
 + Level 13.0 Evocations


You had 24 spell levels left.
You didn't know any spells.
Your spell library was empty.

Dungeon Overview and Level Annotations

Branches:
Dungeon (15/15)            Temple (0/1) D:5            Lair (6/6) D:10
  Swamp (4/4) Lair:3       Spider (4/4) Lair:4        Slime (5/5) Lair:6
    Orc (2/2) D:11            Elf (3/3) Orc:2        Vaults (1/5) D:14
 Depths (5/5) D:15            Zot (5/5) Depths:5

Altars:
Elyvilon
Fedhas
Gozag
Kikubaaqudgha
Qazlal
Sif Muna
Trog
Uskayaw
Wu Jian
Yredelemnul
Zin
The Shining One
Beogh
Jiyva
Lugonu

Shops:
D:8 :   D:10 *   D:11 (   D:13 %   Orc:2 ?=?%   Elf:1 }   Depths:1 *

Portals:
Hell: Depths:1 Depths:2 Depths:3 Depths:5
Abyss: Depths:1 Depths:4
Pandemonium: Depths:3
Ziggurat: Depths:1

Annotations:
Depths:1 exclusions: 2 eyes of devastation, shining eye and 2 more exclusions


Innate Abilities, Weirdness & Mutations

You reflexively headbutt those who attack you in melee.
You have a pair of horns on your head.
You have large cloven feet.
You possess an exceptional clarity of mind.
Your mind is acute. (Int +2)
Your body sometimes deteriorates upon taking damage.
Your muscles are strong. (Str +2)
Your spells are a little harder to cast, but a little more powerful.


Message History

You destroy the toenail golem!
Trog accepts your kill.
(D) Dungeon (T) Temple (L) Lair (S) Swamp (N) Spider Nest (M) Slime Pits (O) Orcish Mines (E) Elven Halls (V) Vaults (U) Depths (H) Hell (Z) Zot
Where to? (Enter - D:1, ? - help)
You see here 12 stones.
There is a stone staircase leading up here.
You climb upwards.
There is a stone staircase leading down here.
There is a stone staircase leading up here.
You climb upwards.
There is a stone staircase leading down here.
There is a stone staircase leading up here.
You climb upwards.
There is a stone staircase leading down here.
You open the door.
There is an open door here.
There is a staircase leading out of the dungeon here.
You have escaped!

#.......+....######..#
#..#.#)##.....######.#
#..#.................#
#..##...#####'#####..#
#.......#PPP#.#PPP#..#
#.####..#P⌠P#.#P⌠P#..#
#.......#PPP#.#PPP#..#
#..##...#####.#####..#
####..##...+....@....'..#
...#..##...#####.#####.##
...#..##...#PPP#.#PPP#.#
#..#..##...#P⌠P#.#P⌠P#.#
...#..##...#PPP#.#PPP#.#
#.....#....#####+#####.#
......###..............#
...........>####.#######
####'#####.......#


There were no monsters in sight!

Vanquished Creatures
  10 orbs of fire (Zot:5)
  Mara (Depths:3)
  3 ancient liches (Zot:5)
  3 Killer Klowns (Zot:5)
  the Lernaean hydra (Swamp:4)
  Saint Roka (Depths:5)
  Nikola (Spider:3)
  the Enchantress (Depths:2)
  6 golden dragons
  A bone dragon (Depths:5)
  Arachne (Spider:3)
  A Brimstone Fiend (D:10)
  7 electric golems (Zot:5)
  7 tentacled monstrosities
  25 Orb Guardians (Zot:5)
  2 titans
  Rupert (D:14)
  A deep elf master archer (Elf:3)
  3 deep elf blademasters
  14 acid blobs
  Frances (Elf:1)
  6 quicksilver dragons
  2 sphinxes
  3 death cobs
  A tengu reaver (Depths:3)
  Donald (Swamp:3)
  Gastronok (D:11)
  A thorn hunter (Swamp:2)
  5 shadow dragons
  9 storm dragons
  5 draconian monks
  2 draconian knights
  14 azure jellies
  4 frost giants
  8 deep elf sorcerers
  7 fire giants
  7 ghost moths
  An iron dragon (Depths:4)
  3 draconian shifters
  11 emperor scorpions
  An ironheart preserver (Vaults:1)
  A draconian annihilator (Zot:3)
  5 spriggan defenders
  3 draconian stormcallers
  6 caustic shrike skeletons (Depths:2)
  11 very ugly things
  An entropy weaver (shapeshifter) (D:15)
  A deep elf elementalist (Elf:3)
  2 entropy weavers
  11 stone giants
  2 black draconians
  6 green draconians
  6 deep elf demonologists (Elf:3)
  4 white draconians
  2 vampire knights
  8 deep elf annihilators (Elf:3)
  9 spark wasps
  9 purple draconians
  4 red draconians
  6 yellow draconians
  A large abomination (Elf:3)
  5 ettins
  Snorg (D:10)
  13 fire dragons
  3 deep elf death magi (Elf:3)
  6 jiangshi
  6 yaktaur captains
  Erolcha (Orc:1)
  5 death oozes (Slime:5)
  The ghost of Zapai the Nimble, a journeyman DgAr (Lair:2)
  Harold (D:10)
  6 ogre magi
  22 hydras
  6 deep elf high priests
  3 ice dragons
  The ghost of bande the Blocker, a journeyman GrFi of Okawaru (D:11)
  6 spriggan air magi
  8 great orbs of eyes
  4 rakshasas
  3 vault guards (D:14)
  A shambling mangrove (Swamp:2)
  6 ghost crabs
  28 two-headed ogres
  2 catoblepae
  9 alligators
  10 centaur warriors
  7 deep troll shamans
  21 dancing weapons
  7 tengu warriors
  9 spriggan berserkers
  3 vampire magi
  11 death yaks
  8 deep troll earth magi
  2 hell knights
  15 deep elf knights
  Nergalle (D:12)
  9 skeletal warriors
  A small abomination (Elf:3)
  A flayed ghost (Depths:5)
  An unseen horror (shapeshifter) (Depths:5)
  An iron troll (Depths:3)
  A salamander mystic (Depths:5)
  A quicksilver dragon simulacrum (Depths:1)
  11 spriggan druids
  18 deep trolls
  A glowing orange brain (shapeshifter) (Depths:4)
  2 glowing orange brains (Slime:5)
  3 wizards
  5 deep elf archers
  14 swamp dragons
  An orange crystal statue (D:9)
  6 orc knights
  31 deep elf magi
  2 phantasmal warriors (Depths:4)
  A necromancer (Depths:1)
  6 orc sorcerers
  10 orb spiders
  The ghost of Ratty the Thaumaturge, a novice DENe of Kikubaaqudgha (D:8)
  A wolf spider zombie (D:15)
  27 ugly things
  2 shining eyes
  7 cyclopes
  33 wolf spiders
  18 elephants
  A toenail golem (D:4)
  An eye of devastation (Slime:5)
  4 salamanders (Depths:5)
  A centaur zombie (D:14)
  20 moths of wrath
  A guardian serpent (shapeshifter) (D:14)
  Joseph (D:7)
  3 black mambas
  A gargoyle (D:15)
  4 apocalypse crabs (Swamp:3)
  18 spiny frogs
  3 torpor snails
  A komodo dragon (shapeshifter) (Depths:5)
  A rime drake (Lair:1)
  A kobold demonologist (D:14)
  A freezing wraith (D:14)
  A tormentor (Depths:2)
  6 demonic crawlers
  9 komodo dragons
  A spriggan skeleton (Depths:1)
  An efreet (D:15)
  22 yaktaurs
  A redback zombie (D:15)
  8 trolls
  3 tengu conjurers
  A queen bee (shapeshifter) (Depths:4)
  6 tyrant leeches
  2 polar bears (Lair:6)
  74 slime creatures
  12 bog bodies
  28 jumping spiders
  24 hornets
  2 dream sheep (D:11)
  A raiju (shapeshifter) (Depths:1)
  14 blink frogs
  A hippogriff (shapeshifter) (Depths:3)
  11 hippogriffs
  A fire giant simulacrum (Depths:1)
  69 redbacks
  46 spriggans
  2 vampires
  A wraith (D:13)
  2 wyverns
  53 yaks
  5 water elementals
  26 tarantellas
  3 fire elementals
  13 golden eyes
  6 basilisks
  A neqoxec (D:10)
  22 vampire mosquitoes
  19 swamp worms
  A naga (shapeshifter) (D:11)
  6 wargs
  A soldier ant (D:15)
  2 acid dragons
  A water moccasin (shapeshifter) (Depths:3)
  12 water moccasins
  8 porcupines
  15 orc warriors
  A sky beast (shapeshifter) (Depths:2)
  10 swamp drakes
  4 sky beasts
  28 ogres
  An ice beast (D:10)
  2 black bears
  4 phantoms
  6 boggarts
  A necrophage (D:14)
  6 eyes of draining
  32 wolves
  15 centaurs
  12 crocodiles
  12 big kobolds
  18 bullfrogs
  5 earth elementals
  4 scorpions
  3 wights (D:15)
  4 electric eels
  5 howler monkeys
  6 crimson imps
  2 bullfrog zombies
  4 quasits (D:8)
  12 orc priests
  13 hounds
  2 jellies
  3 bullfrog skeletons
  17 orc wizards
  7 centaur skeletons
  5 iguanas
  Terence (D:3)
  11 worker ants
  A killer bee zombie (D:8)
  2 hound skeletons
  A worker ant zombie (D:11)
  7 gnolls
  15 adders
  3 shadow imps
  3 oozes
  2 adder skeletons
  2 worms
  4 dart slugs
  4 leopard geckos
  47 orcs
  4 ball pythons
  7 bats
  7 giant cockroaches
  8 goblins
  12 hobgoblins
  2 jackals (D:5)
  28 kobolds
  3 quokkas
  A ball python skeleton (D:4)
  A frilled lizard (D:3)
  A quokka zombie (D:8)
  4 rats
  A crawling corpse (Elf:3)
  8 fungi
  4 plants
1780 creatures vanquished.

Vanquished Creatures (collateral kills)
  the Royal Jelly (Slime:5)
  Jorgrun (D:12)
  An acid blob (Slime:5)
  A death ooze (Slime:5)
  A shining eye (Slime:5)
  An eye of devastation (Slime:5)
  6 slime creatures
  A vampire mosquito (D:14)
13 creatures vanquished.

Vanquished Creatures (others)
  A rakshasa (Depths:2)
  A spriggan air mage (Depths:2)
  A deep elf knight (Elf:3)
  A spriggan druid (Swamp:3)
  A spriggan (Depths:2)
  Ijyb (D:4)
  A leopard gecko (D:8)
  An orc (Depths:5)
  4 goblins (D:4)
  6 fungi
  5 plants
  6 toadstools (Swamp:2)
29 creatures vanquished.

Grand Total: 1822 creatures vanquished

Notes
Turn   | Place    | Note
-------+----------+-------------------------------------------
     0 | D:1      | mopl the Minotaur Berserker began the quest for the Orb.
     0 | D:1      | Reached XP level 1. HP: 19/19 MP: 0/0
    43 | D:1      | Reached skill level 4 in Axes
    59 | D:1      | Reached XP level 2. HP: 26/26 MP: 1/1
   233 | D:1      | Reached skill level 5 in Axes
   252 | D:1      | Found a glowing golden altar of the Shining One.
   608 | D:2      | Reached XP level 3. HP: 27/31 MP: 2/2
   786 | D:2      | Reached ** piety under Trog
   902 | D:2      | Reached skill level 6 in Axes
   902 | D:2      | Reached XP level 4. HP: 25/39 MP: 3/3
  1202 | D:3      | Reached skill level 7 in Axes
  1202 | D:3      | Reached XP level 5. HP: 25/45 MP: 4/4
  1453 | D:3      | Noticed Terence
  1457 | D:3      | Killed Terence
  1471 | D:3      | Reached *** piety under Trog
  1494 | D:4      | Reached skill level 8 in Axes
  1494 | D:4      | Reached XP level 6. HP: 23/51 MP: 5/5
  2182 | D:4      | Noticed Ijyb
  2192 | D:4      | Killed Ijyb
  2581 | D:5      | Entered Level 5 of the Dungeon
  2585 | D:5      | Reached skill level 9 in Axes
  2598 | D:5      | Reached XP level 7. HP: 57/57 MP: 6/6
  2691 | D:5      | Reached skill level 10 in Axes
  2753 | D:5      | Reached skill level 11 in Axes
  2921 | D:5      | Found a staircase to the Ecumenical Temple.
  2962 | D:5      | Got a pitted falchion
  3039 | D:5      | Found a shimmering blue altar of Sif Muna.
  3040 | D:5      | Found a hide-covered altar of Uskayaw.
  3047 | D:5      | Found an ornate altar of the Wu Jian Council.
  3047 | D:5      | Found a basalt altar of Yredelemnul.
  3047 | D:5      | Found an ancient bone altar of Kikubaaqudgha.
  3047 | D:5      | Found a white marble altar of Elyvilon.
  3112 | D:6      | Reached XP level 8. HP: 64/64 MP: 7/7
  3175 | D:6      | Reached skill level 12 in Axes
  3253 | D:6      | Found a stormy altar of Qazlal.
  3435 | D:6      | Identified the +4 falchion of a bailey {slice, rPois Str-3
                  | Int+3 Dex+7} (You found it on level 5 of the Dungeon)
  3810 | D:6      | Found a blossoming altar of Fedhas.
  3951 | D:7      | Noticed Joseph
  3980 | D:6      | Reached skill level 13 in Axes
  3999 | D:7      | Killed Joseph
  3999 | D:7      | Reached **** piety under Trog
  4125 | D:7      | Reached XP level 9. HP: 70/70 MP: 8/8
  4153 | D:7      | Reached skill level 14 in Axes
  4930 | D:8      | Noticed Ratty's ghost (novice DENe)
  4958 | D:8      | Got a steaming hand axe
  4959 | D:8      | Identified the +2 hand axe "Womotzuy" {drain, Str+6 SInv}
                  | (You found it on level 8 of the Dungeon)
  5051 | D:8      | Found a transporter.
  5055 | D:8      | Found Doawot's Book Boutique.
  5090 | D:8      | Found a transporter.
  5237 | D:8      | Reached skill level 1 in Evocations
  5239 | D:8      | Reached skill level 1 in Throwing
  5504 | D:8      | Found an opulent altar of Gozag.
  5504 | D:8      | Found a glowing silver altar of Zin.
  5575 | D:8      | Killed Ratty's ghost
  5575 | D:8      | Received a gift from Trog
  5581 | D:8      | Got the ring of Wu Jian's Displeasure {Dex+4}
  5583 | D:8      | Identified the ring of Wu Jian's Displeasure {MR+ Dex+4}
                  | (You found it on level 8 of the Dungeon)
  5660 | D:9      | Reached skill level 15 in Axes
  5679 | D:9      | Reached XP level 10. HP: 69/80 MP: 10/10
  5683 | D:9      | Reached skill level 5 in Fighting
  5759 | D:9      | Found a runed translucent door.
  5821 | D:9      | Found a runed translucent door.
  5836 | D:9      | Found a runed translucent door.
  5847 | D:9      | Found a runed translucent door.
  6352 | D:9      | Noticed an orange crystal statue
  6383 | D:9      | Killed an orange crystal statue
  6454 | D:10     | Entered Level 10 of the Dungeon
  6485 | D:10     | Noticed Harold
  6507 | D:10     | Killed Harold
  6507 | D:10     | Reached skill level 5 in Armour
  6641 | D:10     | Found Gowiphit's Lightly-Used Armoury.
  6647 | D:10     | Noticed an elephant
  6648 | D:10     | Found a staircase to the Lair.
  6648 | D:10     | Noticed a white ugly thing
  6656 | D:10     | Killed an elephant
  6663 | D:10     | Killed a white ugly thing
  6663 | D:10     | Reached ***** piety under Trog
  6663 | D:10     | Reached skill level 5 in Dodging
  6780 | D:10     | Reached XP level 11. HP: 76/91 MP: 12/12
  6835 | D:10     | Noticed Snorg
  6852 | D:10     | Killed Snorg
  6852 | D:10     | Reached skill level 16 in Axes
  7209 | D:11     | Noticed a brown ugly thing
  7229 | D:11     | Killed a brown ugly thing
  7283 | D:11     | Received a gift from Trog
  7305 | D:11     | Found Donuofru's Weapon Shop.
  7361 | D:11     | Noticed Gastronok
  7387 | D:11     | Killed Gastronok
  7477 | D:11     | Reached skill level 5 in Throwing
  7485 | D:11     | Found a runed translucent door.
  7503 | D:11     | Noticed bande's ghost (journeyman GrFi)
  7735 | D:11     | Reached skill level 5 in Evocations
  7755 | D:11     | Noticed a two-headed hydra
  7761 | D:11     | Killed a one-headed hydra
  7993 | D:11     | Received a gift from Trog
  8110 | D:11     | Found a staircase to the Orcish Mines.
  8121 | D:11     | Reached XP level 12. HP: 62/101 MP: 4/14
  8237 | D:11     | Killed bande's ghost
  8518 | D:12     | Noticed Nergalle
  8527 | D:12     | Killed Nergalle
  8527 | D:12     | Reached skill level 17 in Axes
  8626 | D:12     | Noticed a centaur warrior
  8633 | D:12     | Killed a centaur warrior
  8874 | D:12     | Noticed Jorgrun
  8874 | D:12     | Noticed a centaur warrior
  8887 | D:12     | Killed a centaur warrior
  8897 | D:12     | Killed Jorgrun
  9014 | Orc:1    | Entered Level 1 of the Orcish Mines
  9189 | D:13     | Noticed a centaur warrior
  9197 | D:13     | Killed a centaur warrior
  9336 | D:13     | Noticed an eight-headed hydra
  9338 | D:13     | Identified a scroll of acquirement
  9350 | D:13     | Killed a four-headed hydra
  9440 | D:13     | Noticed a two-headed ogre
  9450 | D:13     | Killed a two-headed ogre
  9467 | D:13     | Found Hetacs's Food Emporium.
  9597 | D:13     | Noticed an eight-headed hydra
  9609 | D:13     | Killed a five-headed hydra
  9802 | D:13     | Reached XP level 13. HP: 111/111 MP: 5/16
 10360 | D:14     | Received a gift from Trog
 10484 | D:14     | Reached skill level 18 in Axes
 10901 | D:14     | Received a gift from Trog
 10901 | D:14     | Reached skill level 10 in Fighting
 10931 | D:14     | Noticed Rupert
 10946 | D:14     | Killed Rupert
 11058 | D:14     | Received a gift from Trog
 11200 | D:14     | Reached skill level 10 in Armour
 11360 | D:14     | Reached XP level 14. HP: 117/122 MP: 6/18
 11418 | D:14     | Received a gift from Trog
 11500 | D:14     | Found a gate to the Vaults.
 11611 | D:15     | Entered Level 15 of the Dungeon
 11750 | D:15     | Reached skill level 19 in Axes
 11978 | D:15     | Reached skill level 10 in Dodging
 12200 | D:15     | Noticed an entropy weaver
 12200 | D:15     | a death yak changed into an entropy weaver
 12213 | D:15     | Killed an entropy weaver
 12480 | D:15     | Found a staircase to the Depths.
 12722 | Orc:1    | Received a gift from Trog
 12826 | Orc:1    | Found a roughly hewn altar of Beogh.
 12845 | Orc:1    | Noticed Erolcha
 12855 | Orc:1    | Killed Erolcha
 12855 | Orc:1    | Reached XP level 15. HP: 119/130 MP: 6/20
 13028 | Orc:2    | Entered Level 2 of the Orcish Mines
 13385 | Orc:2    | Received a gift from Trog
 13401 | Orc:2    | Found a staircase to the Elven Halls.
 13473 | Orc:2    | Found Fosseil's Jewellery Emporium.
 13473 | Orc:2    | Found Acullior's Food Shop.
 13473 | Orc:2    | Found Jinasch Jirr's Magic Scroll Boutique.
 13473 | Orc:2    | Found Koeraqon's Magic Scroll Emporium.
 13476 | Orc:2    | Reached skill level 20 in Axes
 13482 | Orc:2    | Reached ****** piety under Trog
 13504 | Orc:2    | Bought a scroll of teleportation for 39 gold pieces
 13504 | Orc:2    | Bought a scroll of teleportation for 39 gold pieces
 13504 | Orc:2    | Bought a scroll of teleportation for 39 gold pieces
 13504 | Orc:2    | Bought a scroll of magic mapping for 45 gold pieces
 13504 | Orc:2    | Bought a scroll of noise for 13 gold pieces
 13504 | Orc:2    | Bought a scroll of identify for 26 gold pieces
 13504 | Orc:2    | Bought a scroll of identify for 26 gold pieces
 13504 | Orc:2    | Bought a scroll of identify for 26 gold pieces
 13504 | Orc:2    | Bought a scroll of enchant weapon for 97 gold pieces
 13523 | Orc:2    | Bought a scroll of enchant armour for 127 gold pieces
 13523 | Orc:2    | Bought a scroll of blinking for 127 gold pieces
 13523 | Orc:2    | Bought a scroll of teleportation for 51 gold pieces
 13523 | Orc:2    | Bought a scroll of teleportation for 51 gold pieces
 13523 | Orc:2    | Bought a scroll of summoning for 161 gold pieces
 13523 | Orc:2    | Bought a scroll of identify for 34 gold pieces
 13526 | Orc:2    | Bought a scroll of acquirement for 676 gold pieces
 14058 | Lair:1   | Entered Level 1 of the Lair of Beasts
 14587 | Lair:1   | Received a gift from Trog
 14964 | Lair:2   | Found a runed translucent door.
 14965 | Lair:2   | Noticed Zapai's ghost (journeyman DgAr)
 14978 | Lair:2   | Killed Zapai's ghost
 15141 | Lair:2   | Reached skill level 10 in Throwing
 15405 | Lair:2   | Identified the ring "Vocw" {Str+3 Stlth+} (You found it on
                  | level 2 of the Lair of Beasts)
 15439 | Lair:2   | You fall into a shaft and drop 1 floor!
 16059 | Lair:3   | Found a staircase to the Swamp.
 16582 | Lair:4   | Received a gift from Trog
 16899 | Lair:4   | Found a hole to the Spider Nest.
 17507 | Lair:5   | Reached XP level 16. HP: 138/141 MP: 22/22
 18051 | Lair:6   | Entered Level 6 of the Lair of Beasts
 18095 | Lair:6   | Found a viscous altar of Jiyva.
 18095 | Lair:6   | Found a staircase to the Slime Pits.
 18352 | Lair:6   | Received a gift from Trog
 19015 | Swamp:1  | Entered Level 1 of the Swamp
 19098 | Swamp:1  | Reached skill level 21 in Axes
 19541 | Swamp:1  | Received a gift from Trog
 19762 | D:10     | Bought -1 gold dragon scales for 900 gold pieces
 19910 | Swamp:2  | Noticed a thorn hunter
 19920 | Swamp:2  | Killed a thorn hunter
 20045 | Swamp:2  | Received a gift from Trog
 20045 | Swamp:2  | Reached skill level 10 in Evocations
 20287 | Swamp:2  | You fall into a shaft and drop 1 floor!
 20847 | Swamp:3  | Noticed Donald
 20855 | Swamp:3  | Killed Donald
 20924 | Swamp:3  | Found a runed translucent door.
 21034 | Swamp:3  | Reached XP level 17. HP: 150/150 MP: 23/23
 21066 | Swamp:3  | Received a gift from Trog
 21426 | Swamp:4  | Entered Level 4 of the Swamp
 21735 | Swamp:4  | Noticed the 27-headed Lernaean hydra
 21989 | Swamp:4  | Killed the 18-headed Lernaean hydra
 21989 | Swamp:4  | Received a gift from Trog
 21989 | Swamp:4  | Reached skill level 22 in Axes
 21999 | Swamp:4  | Got a decaying rune of Zot
 22175 | Spider:1 | Entered Level 1 of the Spider Nest
 22557 | Spider:1 | Received a gift from Trog
 22667 | Spider:1 | Received a gift from Trog
 22728 | Spider:1 | Reached skill level 1 in Stealth
 23201 | Spider:3 | Noticed Nikola
 23213 | Spider:3 | Killed Nikola
 23213 | Spider:3 | Received a gift from Trog
 23272 | Spider:3 | Reached XP level 18. HP: 161/161 MP: 24/24
 23498 | Spider:3 | Noticed Arachne
 23507 | Spider:3 | Killed Arachne
 23507 | Spider:3 | Received a gift from Trog
 24133 | Spider:4 | Entered Level 4 of the Spider Nest
 24549 | Spider:4 | Received a gift from Trog
 24879 | Spider:4 | Reached skill level 15 in Fighting
 24907 | Spider:4 | Got a gossamer rune of Zot
 25385 | Elf:1    | Entered Level 1 of the Elven Halls
 25501 | Elf:1    | Reached skill level 23 in Axes
 25542 | Elf:1    | Found a shimmering blue altar of Sif Muna.
 25551 | Elf:1    | Received a gift from Trog
 25595 | Elf:1    | Noticed Frances
 25613 | Elf:1    | Killed Frances
 25821 | Elf:1    | Received a gift from Trog
 25917 | Elf:1    | Found Quzu's Gadget Shoppe.
 26224 | Elf:2    | Found a huge runed translucent gate.
 26224 | Elf:2    | Found a huge runed translucent gate.
 26224 | Elf:2    | Found a huge runed translucent gate.
 26224 | Elf:2    | Found a huge runed translucent gate.
 26224 | Elf:2    | Found a huge runed translucent gate.
 26295 | Elf:2    | Reached skill level 15 in Armour
 26504 | Elf:2    | Reached XP level 19. HP: 115/170 MP: 11/25
 26625 | Elf:2    | Received a gift from Trog
 26783 | Elf:2    | Reached skill level 5 in Stealth
 26806 | Elf:3    | Entered Level 3 of the Elven Halls
 27442 | Elf:3    | Identified the +5 hand axe "Viuxu" {holy, rF+}
 27457 | Elf:3    | Received a gift from Trog
 27471 | Elf:3    | Identified the +11 rapier of a treasure trove {vamp, rPois
                  | rF- Dex+10}
 27675 | Elf:3    | Identified the +1 robe of the Failed Coup {*Contam rF+ MR++
                  | Stlth+}
 27706 | Elf:3    | Noticed a Tzitzimitl
 28139 | Elf:3    | Noticed a Brimstone Fiend
 28704 | Orc:2    | Bought an uncursed ring of resist corrosion for 360 gold
                  | pieces
 28970 | Slime:1  | Entered Level 1 of the Pits of Slime
 28985 | Slime:1  | Received a gift from Trog
 29015 | Slime:2  | Received a gift from Trog
 29056 | Slime:3  | Gained mutation: Your magical capacity is low. (-10% MP) [a
                  | shining eye]
 29057 | Slime:3  | Gained mutation: You are weak. (Str -2) [a shining eye]
 29059 | Slime:3  | Gained mutation: Scrolls take you a little longer to read.
                  | [a shining eye]
 29068 | Slime:3  | Lost mutation: You are weak. (Str -2) [potion of mutation]
 29068 | Slime:3  | Lost mutation: Your magical capacity is low. (-10% MP)
                  | [potion of mutation]
 29068 | Slime:3  | Lost mutation: Scrolls take you a little longer to read.
                  | [potion of mutation]
 29068 | Slime:3  | Gained mutation: Your skin changes colour to match your
                  | surroundings (Stealth+). [potion of mutation]
 29068 | Slime:3  | Gained mutation: You are somewhat resistant to further
                  | mutation. [potion of mutation]
 29068 | Slime:3  | Gained mutation: You are agile. (Dex +2) [potion of
                  | mutation]
 29073 | Slime:4  | Reached skill level 24 in Axes
 29082 | Slime:4  | Received a gift from Trog
 29141 | Slime:5  | Entered Level 5 of the Pits of Slime
 29177 | Slime:5  | Received a gift from Trog
 29188 | Slime:5  | Reached XP level 20. HP: 121/180 MP: 26/26
 29410 | Slime:5  | Reached skill level 15 in Dodging
 29579 | Slime:5  | Found a viscous altar of Jiyva.
 29633 | Slime:5  | Noticed the Royal Jelly
 29639 | Slime:5  | Killed the Royal Jelly
 29820 | Slime:5  | Identified Sif Muna's Volume of the Traveller and Shape
                  | Shifting
 29822 | Slime:5  | Identified the cursed +0 chain mail of Hide-and-Seek
                  | {Dex+7} (You found it on level 5 of the Pits of Slime)
 29824 | Slime:5  | Identified the +10 war axe of Tenacity {chop, rF- rC+++
                  | SInv} (You found it on level 5 of the Pits of Slime)
 29914 | Slime:5  | Got a slimy rune of Zot
 29928 | Slime:5  | Identified the +10 crystal plate armour of Loenwo {rElec
                  | Regen+ Stlth-} (You acquired it on level 5 of the Pits of
                  | Slime)
 30243 | Vaults:1 | Entered Level 1 of the Vaults
 30342 | Depths:1 | Entered Level 1 of the Depths
 30344 | Depths:1 | Found Qixotrik's Changing Room.
 30368 | Depths:1 | Bought a potion of mutation for 136 gold pieces
 30433 | Depths:1 | Found a gateway to a ziggurat.
 30494 | Depths:1 | Received a gift from Trog
 30604 | Depths:1 | Received a gift from Trog
 30631 | Depths:1 | Found a corrupted altar of Lugonu.
 30631 | Depths:1 | Found a one-way gate to the infinite horrors of the Abyss.
 30679 | Depths:1 | HP: 9/182 [spark wasp/living lightning (33)]
 30829 | Depths:1 | Found a gateway to Hell.
 30874 | Depths:2 | Received a gift from Trog
 31127 | Depths:2 | Identified the +9 flail "Sopsou" {elec, Str+4}
 31150 | Depths:2 | Identified the cursed +2 giant club of Wounding {pain,
                  | Dex+3}
 31150 | Depths:2 | Identified the +4 giant club of Butchery {flame, *Rage rN+
                  | Str+4 Dex+3}
 31150 | Depths:2 | Identified the cursed +0 robe of Serendipity {+Blink rCorr
                  | Int+2}
 31177 | Depths:2 | Noticed the Enchantress
 31189 | Depths:2 | Killed the Enchantress
 31391 | Depths:2 | Received a gift from Trog
 31513 | Depths:2 | Reached XP level 21. HP: 178/190 MP: 27/27
 31553 | Depths:2 | Found a bloodstained altar of Trog.
 31672 | Depths:2 | Reached skill level 25 in Axes
 31931 | Depths:3 | Found a one-way gate leading to the halls of Pandemonium.
 31947 | Depths:3 | Reached skill level 10 in Stealth
 32021 | Depths:3 | Received a gift from Trog
 32455 | Depths:3 | Noticed Mara
 32473 | Depths:3 | Killed Mara
 32969 | Depths:4 | Noticed a golden dragon
 32975 | Depths:4 | Killed a golden dragon
 32981 | Depths:4 | Received a gift from Trog
 33169 | Depths:4 | Reached XP level 22. HP: 194/200 MP: 28/28
 33224 | Depths:4 | You fall into a shaft and drop 1 floor!
 33224 | Depths:5 | Entered Level 5 of the Depths
 33248 | Depths:5 | Noticed Saint Roka
 33266 | Depths:4 | Identified the +1 short sword of Forced Transition {pierce,
                  | +Inv Dex-2 SInv}
 33282 | Depths:4 | Identified the +7 war axe "Womofat" {freeze, MR+ Str+2}
 33497 | Depths:4 | Reached skill level 15 in Throwing
 33513 | Depths:4 | Received a gift from Trog
 33751 | Depths:5 | Found a runed translucent door.
 33758 | Depths:5 | Noticed a golden dragon
 34031 | Depths:5 | Killed Saint Roka
 34031 | Depths:5 | Reached skill level 26 in Axes
 34187 | Depths:5 | Noticed a golden dragon
 34209 | Depths:5 | Killed a golden dragon
 34219 | Depths:5 | Found a gate to the Realm of Zot.
 34257 | Depths:5 | Received a gift from Trog
 34724 | Depths:5 | Killed a golden dragon
 34724 | Depths:5 | Received a gift from Trog
 34836 | Zot:1    | Entered Level 1 of the Realm of Zot
 34988 | Zot:1    | Noticed a golden dragon
 34994 | Zot:1    | Killed a golden dragon
 35009 | Zot:2    | Reached XP level 23. HP: 210/210 MP: 30/30
 35054 | Zot:1    | Received a gift from Trog
 35773 | Zot:5    | Entered Level 5 of the Realm of Zot
 35936 | Zot:5    | Identified the cursed +0 helmet of Ashenzari's Hope
                  | {*Contam rN+++ rCorr Str+3} (You found it on level 5 of the
                  | Realm of Zot)
 36050 | Zot:5    | Noticed an orb of fire
 36050 | Zot:5    | Noticed an orb of fire
 36061 | Zot:5    | Killed an orb of fire
 36074 | Zot:5    | Killed an orb of fire
 36086 | Zot:5    | Noticed an orb of fire
 36089 | Zot:5    | Gained mutation: Your body sometimes deteriorates upon
                  | taking damage. [an orb of fire]
 36095 | Zot:5    | Killed an orb of fire
 36106 | Zot:5    | Noticed an orb of fire
 36108 | Zot:5    | Gained mutation: Armour fits poorly on your strangely
                  | shaped body. [an orb of fire]
 36120 | Zot:5    | Gained mutation: You tend to lose your temper in combat.
                  | [an orb of fire]
 36124 | Zot:5    | Killed an orb of fire
 36124 | Zot:5    | Noticed an orb of fire
 36132 | Zot:5    | Lost mutation: You are agile. (Dex +2) [an orb of fire]
 36142 | Zot:5    | Killed an orb of fire
 36142 | Zot:5    | Noticed an orb of fire
 36163 | Zot:5    | Killed an orb of fire
 36163 | Zot:5    | Reached XP level 24. HP: 92/221 MP: 13/30
 36178 | Zot:5    | Noticed an orb of fire
 36185 | Zot:5    | Killed an orb of fire
 36190 | Zot:5    | Received a gift from Trog
 36190 | Zot:5    | Noticed a Killer Klown
 36196 | Zot:5    | Noticed an orb of fire
 36208 | Zot:5    | Killed an orb of fire
 36215 | Zot:5    | Killed a Killer Klown
 36219 | Zot:5    | Noticed an orb of fire
 36236 | Zot:5    | Killed an orb of fire
 36239 | Zot:5    | Noticed a Killer Klown
 36246 | Zot:5    | Killed a Killer Klown
 36412 | Zot:5    | Noticed an ancient lich
 36433 | Zot:5    | Killed an ancient lich
 36863 | Zot:5    | Lost mutation: Your skin changes colour to match your
                  | surroundings (Stealth+). [potion of mutation]
 36863 | Zot:5    | Gained mutation: You are frail. (-10% HP) [potion of
                  | mutation]
 36864 | Zot:5    | Lost mutation: Your body sometimes deteriorates upon taking
                  | damage. [potion of mutation]
 36864 | Zot:5    | Lost mutation: You tend to lose your temper in combat.
                  | [potion of mutation]
 36864 | Zot:5    | Lost mutation: You are somewhat resistant to further
                  | mutation. [potion of mutation]
 36864 | Zot:5    | Gained mutation: Your mind is acute. (Int +2) [potion of
                  | mutation]
 36864 | Zot:5    | Gained mutation: You evolve. [potion of mutation]
 36865 | Zot:5    | Lost mutation: Armour fits poorly on your strangely shaped
                  | body. [potion of mutation]
 36865 | Zot:5    | Lost mutation: You evolve. [potion of mutation]
 36865 | Zot:5    | Lost mutation: You are frail. (-10% HP) [potion of
                  | mutation]
 36865 | Zot:5    | Gained mutation: Scrolls take you a little longer to read.
                  | [potion of mutation]
 36865 | Zot:5    | Gained mutation: Your muscles are strong. (Str +2) [potion
                  | of mutation]
 36865 | Zot:5    | Gained mutation: Your body sometimes deteriorates upon
                  | taking damage. [potion of mutation]
 36865 | Zot:5    | Gained mutation: Your spells are a little harder to cast,
                  | but a little more powerful. [potion of mutation]
 36866 | Zot:5    | Lost mutation: Scrolls take you a little longer to read.
                  | [potion of mutation]
 36866 | Zot:5    | Lost mutation: Your muscles are strong. (Str +2) [potion of
                  | mutation]
 36866 | Zot:5    | Gained mutation: Your muscles are strong. (Str +2) [potion
                  | of mutation]
 36866 | Zot:5    | Gained mutation: You possess an exceptional clarity of
                  | mind. [potion of mutation]
 36866 | Zot:5    | Gained mutation: You have large cloven feet. [potion of
                  | mutation]
 37136 | Zot:5    | Noticed a Killer Klown
 37149 | Zot:5    | Killed a Killer Klown
 37321 | Zot:5    | Noticed an ancient lich
 37392 | Zot:5    | Noticed an orb of fire
 37413 | Zot:5    | Killed an orb of fire
 37422 | Zot:5    | Killed an ancient lich
 37430 | Zot:5    | Reached XP level 25. HP: 185/231 MP: 10/31
 37453 | Zot:5    | Noticed an ancient lich
 37462 | Zot:5    | Killed an ancient lich
 37709 | Zot:5    | Got the Orb of Zot
 37874 | Depths:5 | Noticed a seraph
 37874 | Depths:5 | Identified the cursed +0 large shield of Vexation {rC-
                  | Int+5}
 38293 | D:$      | Escaped with the Orb!

Levels and vault maps discovered:
D:1:      beargit_arrival_greenhouse, layout_basic, st_stairs_14, tso_metal_star
D:2:      minmay_diamond_boxcup, layout_rooms
D:3:      layout_rooms, first_ration, uniq_terence
D:4:      kennysheep_the_goblin_king, layout_loops_corners, st_stairs_13
D:5:      layout_rooms, minitemple, temple_pool_b, kennysheep_nondescript
D:6:      layout_basic, overflow_temple_1_default, basic_altar
D:7:      minmay_inner_zag, layout_loops_corners, uniq_joseph
D:8:      layout_basic, grunt_temple_overflow_gold_and_silver,
          gammafunk_ghost_stat_death, serial_glass, glass_columns_b,
          glass_columns_b, serial_shops, shop
D:9:      layout_small_grid, minmay_statue_crystal_thing
D:10:     layout_roguey, david_lair_generic, minmay_shop_damaged, uniq_snorg,
          uniq_harold
D:11:     layout_loops_ring, minmay_orc_entry_guard_dogs, serial_glass,
          glass_columns_b, glass_columns_a, serial_shops, shop,
          ebering_ghost_inner_flame, hangedman_ranch [blue_anna_fruit_fields],
          uniq_gastronok
D:12:     layout_irregular_city, uniq_nergalle, uniq_jorgrun
D:13:     layout_stronghold, serial_shops, shop, chequers_serial_rivers_micro_b,
          minmay_fractal_squares_gapless_5
D:14:     layout_irregular_city, grunt_vaults_entry_fortified,
          minmay_misc_feat_square, uniq_rupert
D:15:     grunt_enter_depths_hoard, layout_irregular_city, minmay_misc_feat_room
Lair:1:   layout_cave_pods, minmay_stone_trees_large,
          chequers_serial_rivers_room_b
Lair:2:   beast_lair_carwin_large_1, layout_small_grid,
          ebering_ghost_inner_flame
Lair:3:   layout_gridlike, skrybe_swamp_entry_bodies
Lair:4:   layout_loops_ring, spider_nest_entry_funnel_web, grunt_megastairs_5
Lair:5:   layout_cave_pods
Lair:6:   grunt_lair_end_beastmaster, layout_regular_city, slime_altar_1,
          lemuel_fruit_fields, serial_bayou_shore_a, serial_bayou_shore_b
Swamp:1:  layout_falls_marsh, evilmike_swamp_ruin_house_3
Swamp:2:  cheibrodos_swamp_tower_of_moss, layout_falls_marsh,
          hangedman_swamp_ruin_hall
Swamp:3:  gammafunk_mikee_crab_dinner, layout_basic_swamp, serial_swamp_ruin,
          evilmike_swamp_ruin_rubble_1, evilmike_swamp_ruin_house_1,
          hangedman_swamp_ruin_wall, infiniplex_staircase_pool, uniq_donald
Swamp:4:  grunt_swamp_rune_castle, layout_basic_swamp
Spider:1: layout_chambers
Spider:2: layout_spider_delve
Spider:3: layout_chambers, nicolae_spider_nook, uniq_nikola, uniq_arachne
Spider:4: grunt_spider_rune_circles, hangedman_spider_tarantella_strand
Slime:1:  layout_caves
Slime:2:  layout_caves
Slime:3:  layout_caves
Slime:4:  layout_caves
Slime:5
Orc:1:    layout_diamond_mine, basic_altar, abandoned_shop, uniq_erolcha
Orc:2:    st_orc_ogre_mass, layout_caves
Elf:1:    layout_geoelf_grid, basic_altar, serial_shops, shop,
          hangedman_elf_disciples, uniq_frances
Elf:2:    layout_geoelf_diagonals
Elf:3:    minmay_elf_hall_not_hex, layout_gridlike, st_stairs_4,
          serial_sigils_hangedman_leer, nicolae_elf_m_pinch
Vaults:1: v_pattern_2, nicolae_vaults_rhombus_5, vaults_room_door_hall,
          vaults_mumra_minichess_inversion, sword_in_stone,
          grunt_vaults_hallway_long, v_misc_2, v_misc_1,
          nicolae_vaults_circle_grid_b, ontoclasm_vaults_chip,
          layout_vaults_ring, uniq_asterion
Depths:1: layout_gridville, enter_ziggurat_d, abyss_entry_flame_altar,
          minmay_misc_feat_diagonals, hangedman_coc_ice_floe, drop_trap,
          nicolae_transmutations_shop, chequers_serial_rivers_small_a,
          grunt_decor_one_mirror, hangedman_decor_growths, hangedman_blasphemy
Depths:2: spriggan_forest, hell_entry
Depths:3: minmay_mutant_horseshoe, layout_basic, pan_entry, hell_entry,
          kennysheep_random_hallway, uniq_mara
Depths:4: minmay_the_grid_octo_tiled_squarecenter
          [minmay_the_grid_octo_thin_diamonds, minmay_the_grid_octo_pinwheel,
          minmay_the_grid_octo_horde, minmay_the_grid_octo_teeth,
          minmay_the_grid_square_5x5_megaprize_hollow,
          minmay_the_grid_square_5x5_inset, minmay_the_grid_square_5x5_one_wall,
          minmay_the_grid_square_5x5_inverted_slash,
          minmay_the_grid_square_5x5_half_checkered], layout_honeycomb,
          lightli_too_deep, abyss_entry, infiniplex_staircase_zigzag_1,
          drop_trap, minmay_misc_feat_four_crosses
Depths:5: grunt_zot_entry_alcove, layout_cave_pools, pf_hell_entry_tar_spiral,
          lightli_gold_pyramid, uniq_saint_roka
Zot:1:    layout_twisted_circle
Zot:2:    layout_gridlike, ebering_ghost_rock_garden, grunt_ministairs_7,
          grunt_megastairs_1
Zot:3:    layout_misc_corridors
Zot:4:    layout_gridlike, drop_trap, grunt_megastairs_2
Zot:5:    layout_misc_corridors, lemuel_golem_globe

Skill      XL: |  1  2  3  4  5  6  7  8  9 10 11 12 13 14 15 16 17 18 19 20 21 22 23 24 25 |
---------------+----------------------------------------------------------------------------+-----
Axes           | 4 5 6 7 8 9 11 13 15 16 17 18 19 20 21 22 23 24 25 26 | 26.0
Fighting       | 4 6 8 9 10 11 12 13 14 15 16 17 18 19 20 | 20.1
Evocations     | 2 3 5 6 7 8 9 10 11 12 13 | 13.0
Throwing       | 2 4 5 6 8 9 10 11 12 13 14 15 17 18 | 18.7
Armour         | 4 5 7 8 10 11 12 13 14 15 16 17 18 19 | 19.9
Dodging        | 3 5 6 8 9 10 11 12 13 14 16 17 18 19 20 | 20.0
Stealth        | 2 4 7 9 11 12 13 | 13.8

Action                   |  1- 3 |  4- 6 |  7- 9 | 10-12 | 13-15 | 16-18 | 19-21 | 22-24 | 25-27 || total
-------------------------+-------+-------+-------+-------+-------+-------+-------+-------+-------++-------
Melee: Hand axe          |    73 |   118 |    97 |   327 |    66 |       |       |       |       ||   681
       Headbutt          |     5 |    22 |    55 |   169 |   283 |   299 |   335 |   314 |     8 ||  1490
       War axe           |       |       |   158 |       |       |       |       |       |       ||   158
       Battleaxe         |       |       |       |   182 |   812 |   215 |   322 |   340 |       ||  1871
       Executioner's axe |       |       |       |       |    85 |  1012 |   802 |   604 |    36 ||  2539
Throw: Dart              |       |       |       |       |     5 |       |       |       |       ||     5
       Javelin           |       |       |       |       |     1 |       |       |     2 |     1 ||     4
       Boomerang         |       |       |       |       |       |    45 |    39 |     3 |     3 ||    90
Invok: Berserk           |     3 |     4 |     6 |    12 |    15 |     4 |     9 |     6 |     1 ||    60
       Trog's Hand       |       |     1 |     1 |     2 |     9 |     7 |     8 |    10 |     1 ||    39
       Brothers in Arms  |       |       |       |     2 |     1 |       |     4 |       |       ||     7
 Abil: Evoke Invisibilit |       |       |       |       |       |     1 |     2 |     1 |       ||     4
Evoke: Wand              |       |       |       |       |     1 |     1 |     6 |     4 |       ||    12
       Fan of gales      |       |       |       |       |       |       |     2 |       |       ||     2
       Lamp of fire      |       |       |       |       |       |       |     1 |       |       ||     1
  Use: Scroll            |       |       |    12 |     7 |    20 |    14 |    24 |    18 |     2 ||    97
       Potion            |       |       |       |       |     1 |     1 |     3 |    13 |     1 ||    19
 Stab: Sleeping          |     1 |       |       |       |       |       |       |       |       ||     1
       Petrified         |       |       |       |       |     1 |     9 |       |       |       ||    10
       Distracted        |       |       |       |       |     1 |       |       |     2 |       ||     3
       Invisible         |       |       |       |       |       |     4 |    11 |     6 |       ||    21
  Eat: Chunk             |     3 |     8 |    15 |    22 |    32 |    27 |    10 |    15 |       ||   132
       Ration            |       |       |     1 |     1 |     3 |     4 |     8 |     4 |     2 ||    23
Armor: Animal skin       |    18 |     9 |       |       |       |       |       |       |       ||    27
       Chain mail        |       |    29 |   101 |   118 |       |       |       |       |       ||   248
       Plate armour      |       |       |    37 |    29 |       |       |       |       |       ||    66
       Crystal plate arm |       |       |       |    23 |   576 |   168 |    72 |   106 |       ||   945
       Gold dragon scale |       |       |       |       |       |  1088 |   602 |   454 |    23 ||  2167
Dodge: Dodged            |    43 |    74 |    93 |   200 |   379 |   774 |   604 |   552 |    32 ||  2751
